 Dungeon Crawl Stone Soup version 0.25-a0-189-gf71692caf1 (webtiles) character file.

Game seed: 2536602506473788077, levelgen mode: deterministic

75 Denox the Cudgeler (level 3, 0/31 HPs)
             Began as a Demigod Gladiator on Nov 29, 2019.
             Slain by Crazy Yiuf
             ... wielding a +2 quarterstaff of chaos
              (11 damage)
             ... while paralysed by Crazy Yiuf
             ... on level 2 of the Dungeon.
             The game lasted 00:04:19 (1594 turns).

Denox the Cudgeler (Demigod Gladiator)              Turns: 1594, Time: 00:04:19

Health: 0/31       AC:  8    Str: 17 (19) XL:     3   Next: 88%
Magic:  5/5        EV:  2    Int: 14 (17) God:
Gold:   48         SH:  0    Dex: 16 (17) Spells: 2/2 levels left

rFire    . . .     SeeInvis .   a - +0 flail
rCold    . . .     Gourm    .   (no shield)
rNeg     . . .     Faith    .   h - +0 ring mail
rPois    .         Spirit   .   c - +0 helmet
rElec    .         Reflect  .   (no cloak)
rCorr    .         Harm     .   r - +1 pair of gloves
MR       .....                  (no boots)
Stlth    +.........             (no amulet)
HPRegen  0.10/turn              (no ring)
MPRegen  0.09/turn              (no ring)

@: paralysed, brilliant, very slightly contaminated, invisible
A: high mp 1
a: no special abilities


You were on level 2 of the Dungeon.
You were not hungry.

You visited 1 branch of the dungeon, and saw 2 of its levels.

You collected 48 gold pieces.

Inventory:

Hand Weapons
 a - a +0 flail (weapon)
Missiles
 d - 2 throwing nets (quivered)
Armour
 c - a +0 helmet (worn)
 h - a +0 ring mail (worn)
 r - a +1 pair of gloves (worn)
Scrolls
 j - 2 scrolls of remove curse
 o - a scroll of teleportation
Potions
 i - 3 potions of heal wounds
Comestibles
 b - a chunk of flesh
 f - 5 rations


   Skills:
 * Level 3.1 Fighting
 + Level 3.2 Maces & Flails
 - Level 1.7 Throwing
 + Level 1.4 Armour
 - Level 2.6 Dodging


You had 2 spell levels left.
You didn't know any spells.
Your spell library was empty.

Dungeon Overview and Level Annotations

Branches:
Dungeon (2/15)

Annotations:
D:2 Crazy Yiuf


Innate Abilities, Weirdness & Mutations

You have an increased reservoir of magic. (+10% MP)


Message History

You thump Crazy Yiuf!
Crazy Yiuf is moderately wounded.
Crazy Yiuf hits you with a +2 quarterstaff of chaos.
Space bends around you.
You hit Crazy Yiuf.
Crazy Yiuf is heavily wounded.
Crazy Yiuf hits you with a +2 quarterstaff of chaos.
You hit Crazy Yiuf but do no damage.
Crazy Yiuf is heavily wounded.
Crazy Yiuf hits you but does no damage.
You fade into invisibility!
You are very lightly contaminated with residual magic.
Crazy Yiuf barely misses you.
You catch the helpless Crazy Yiuf completely off-guard!
You sock Crazy Yiuf!
Crazy Yiuf is severely wounded.
Crazy Yiuf hits you with a +2 quarterstaff of chaos!
You suddenly lose the ability to move!
Crazy Yiuf hits you with a +2 quarterstaff of chaos!
You die...

#..........#
##.## ###
#.#####.####
##.#.## #.# #.#
#.###.## #.# ###
#...##.### #.#
###......รท
##.#######
######.###
#..+...#.###**###
#.###.##
#.......#..##...#
##.#.##
#......####@g...#
##.## ##.+..##
###..)# ###
###### **###


You could see Crazy Yiuf.

Vanquished Creatures
  Jessica (D:2)
  2 adders (D:2)
  A worm (D:2)
  A dart slug (D:2)
  2 goblins
  3 hobgoblins
  4 jackals (D:2)
  A quokka (D:2)
  5 bats
  2 frilled lizards
  4 kobolds
26 creatures vanquished.

Notes
Turn   | Place    | Note
-------+----------+-------------------------------------------
     0 | D:1      | Denox the Demigod Gladiator began the quest for the Orb.
     0 | D:1      | Reached XP level 1. HP: 17/17 MP: 3/3
   500 | D:1      | Reached XP level 2. HP: 24/24 MP: 4/4
  1029 | D:2      | Noticed Jessica
  1034 | D:2      | Killed Jessica
  1034 | D:2      | Reached skill level 1 in Armour
  1034 | D:2      | Reached XP level 3. HP: 30/30 MP: 5/5
  1059 | D:2      | Found a shattered altar of Ashenzari.
  1139 | D:2      | Found a radiant altar of Vehumet.
  1158 | D:2      | Found a blossoming altar of Fedhas.
  1577 | D:2      | Found a runed translucent door.
  1580 | D:2      | Noticed Crazy Yiuf
  1593 | D:2      | Paralysed by Crazy Yiuf for 3 turns
  1594 | D:2      | Slain by Crazy Yiuf

Levels and vault maps discovered:
D:1:      dpeg_arrival_short_road, layout_loops_ring
D:2:      layout_loops_ring, nicolae_overflow_hidden_temple, marbit_many_paths,
          chequers_serial_rivers_micro_d, hangedman_decor_push,
          ashenzari_altar_1, uniq_crazy_yiuf_cottage, uniq_jessica

Skill      XL: |  1  2  3 |
---------------+----------+-----
Fighting       | 2 3 |  3.1
Maces & Flails | 3 |  3.2
Armour         | 1 |  1.4
Throwing       | |  1.7
Dodging        | |  2.6

Action                   || total
-------------------------++-------
Melee: Flail             ||    78
Throw: Throwing net      ||     1
  Use: Scroll            ||     7
       Potion            ||     3
 Stab: Invisible         ||     1
  Eat: Chunk             ||     2
Armor: Ring mail         ||    29
       Leather armour    ||     1
Dodge: Dodged            ||    54

Table legend:
 A = Non-vault XP
 B = Vault XP
 C = Vault XP percentage of total XP
 D = Non-vault monster count
 E = Vault monster count
 F = Vault count percentage of total count
                 A         B        C        D         E       F
            +---------+---------+-------+---------+---------+-------
      Total |      69 |      39 |  36.1 |      24 |       2 |   7.7
            +---------+---------+-------+---------+---------+-------
        D:1 |      15 |       0 |   0.0 |      10 |       0 |   0.0
        D:2 |      54 |      39 |  41.9 |      14 |       2 |  12.5
            +---------+---------+-------+---------+---------+-------
